cohdb
Replays
Latest Replays
All Replays
Popular Replays
Top Player Replays
Match Explorer
How It Works
Community
CoH3 Stats
Reddit
Sign in to upload your games and track your stats! →
Sign in with Steam
Match 41587148
Unlisted
Match 41587148
Overview
Messages
Build Orders
End
Panzergrenadier Squad
Selects Italian Infantry
250 Light Carrier
Panzergrenadier Squad
Construct Light Support Kompanie
Combat Half-tracks
2.5-tonne Medical Truck
Fire Support Elements
Veteran Squad Leaders
Selects Guastatori Squad
Guastatori Squad
Construct Panzerarmee Kommand
我真的不是驴
一一ㄙ
沐雨轻然
NO.2
IronPixie
Joseph_Montcalm
想吃豆芽菜
YoSleepy
0
0
Comments
sign in to comment!
No comments posted yet!